 Dungeon Crawl Stone Soup version 0.21.1-1-g345015fe64 (webtiles) character file.

40 Holzbalken the Poker (level 3, -4/29 HPs)
             Began as a Merfolk Monk on July 16, 2018.
             Killed from afar by a white imp (8 damage)
             ... with a puff of frost
             ... summoned by Natasha
             ... on level 2 of the Dungeon.
             The game lasted 00:07:12 (1678 turns).

Holzbalken the Poker (Merfolk Monk)                 Turns: 1678, Time: 00:07:12

Health: -4/29      AC:  2    Str: 11    XL:     3   Next: 50%
Magic:  3/3        EV: 13    Int:  9    God:
Gold:   69         SH:  4    Dex: 17    Spells: 2/2 levels left

rFire    . . .     SeeInvis .   a - +0 spear
rCold    . . .     Gourm    .   g - +0 buckler
rNeg     . . .     Faith    .   b - +0 robe
rPois    .         Spirit   .   (helmet restricted)
rElec    .         Reflect  .   (no cloak)
rCorr    .         Harm     .   (no gloves)
MR       .....                  (no boots)
Stlth    ++........             (no amulet)
HPRegen  0.09/turn              (no ring)
MPRegen  0.08/turn              (no ring)

@: heavily drained
A: change form in water, swift swim, stealthy swim, antennae 1, high mp 1,
mutation resistance 1
a: no special abilities


You were on level 2 of the Dungeon.
You were not hungry.

You visited 1 branch of the dungeon, and saw 2 of its levels.

You collected 69 gold pieces.

Inventory:

Hand Weapons
 a - a +0 spear (weapon)
Armour
 b - a +0 robe (worn)
 g - a +0 buckler (worn)
Scrolls
 i - 2 scrolls of remove curse {unknown}
Potions
 d - a potion of heal wounds {unknown}
 e - a potion of agility {unknown}
Comestibles
 c - 3 rations
 f - a chunk of flesh


   Skills:
 - Level 3.2(1.7) Fighting
 + Level 5.7(4.0) Polearms
 + Level 4.6(3.0) Dodging
 - Level 2.1(0.7) Stealth
 * Level 0.6(0.0) Shields


You had 2 spell levels left.
You didn't know any spells.

Dungeon Overview and Level Annotations

Branches:
Dungeon (2/15)

Altars:
Makhleb
Nemelex Xobeh

Annotations:
D:2 Natasha


Innate Abilities, Weirdness & Mutations

You revert to your normal form in water.
You are very nimble and swift while swimming.
You are very stealthy in the water. (Stealth+)
You have a pair of small antennae on your head.
You have an increased reservoir of magic. (+10% MP)
You are somewhat resistant to further mutation.


Message History

You feel disoriented.
Natasha stares at you and mumbles some strange words.
The magic dart hits you!
Natasha stares at you and mumbles some strange words.
The magic dart hits you!
Natasha stares at you and mumbles some strange words.
The magic dart hits you!
Natasha casts a spell.
The white imp gestures at you. The puff of frost hits you!
* * * LOW HITPOINT WARNING * * *
You see here 20 bolts.
The white imp gestures at you. The puff of frost misses you.
It was a potion of mutation.
You feel extremely strange.
You feel genetically stable.
You feel more energetic. A pair of antennae grows on your head!
The white imp gestures at you. The puff of frost hits you!
You die...

#.# #.##..# #.#
#.###.# #.# #.# #.#
#.# #.# #.# #.# #.#
#.## #.# #.###..#
#.#####.##...#
#.....#.##._.#
#####....@...#######
#..........h...#
#..(.......5...#######
#....>................
#..............#######
#..............#
#...#####......# #..##
##.....# #.# #######


You could see Natasha and a white imp.

Vanquished Creatures
  A dart slug (D:2)
  2 leopard geckos
  2 bats (D:1)
  A giant cockroach (D:1)
  3 goblins
  5 hobgoblins (D:1)
  4 jackals (D:1)
  A quokka (D:2)
  A frilled lizard (D:1)
  6 kobolds (D:1)
  6 rats (D:1)
32 creatures vanquished.

Notes
Turn   | Place    | Note
-------+----------+-------------------------------------------
     0 | D:1      | Holzbalken the Merfolk Monk began the quest for the Orb.
     0 | D:1      | Reached XP level 1. HP: 18/18 MP: 1/1
   273 | D:1      | Reached skill level 5 in Polearms
   273 | D:1      | Reached XP level 2. HP: 20/24 MP: 2/2
   679 | D:1      | You fall through a shaft!
   679 | D:2      | Found a sparkling altar of Nemelex Xobeh.
   788 | D:1      | Reached XP level 3. HP: 29/29 MP: 3/3
  1295 | D:2      | Noticed Natasha
  1547 | D:2      | Found a burning altar of Makhleb.
  1673 | D:2      | Gained mutation: You are somewhat resistant to further mutation. [potion of mutation]
  1673 | D:2      | Gained mutation: You have an increased reservoir of magic. (+10% MP) [potion of mutation]
  1673 | D:2      | Gained mutation: You have a pair of small antennae on your head. [potion of mutation]
  1678 | D:2      | Killed from afar by a white imp

Skill      XL: |  1 |
---------------+----+-----
Polearms       | 5 |  5.7
Fighting       | |  3.2
Dodging        | |  4.6
Stealth        | |  2.1
Shields        | |  0.6

Action                   || total
-------------------------++-------
Melee: Spear             ||   130
  Use: Potion            ||     1
 Stab: Sleeping          ||     5
  Eat: Chunk             ||     2
Armor: Robe              ||    17
Dodge: Dodged            ||    54
Block: Buckler           ||    12
